 Dungeon Sprint DCSS version 0.24.0-41-g2ae2f7f1be (webtiles) character file.

Game seed: 1227804898093415827, levelgen mode: deterministic

209 McKennaii the Slasher (level 5, -5/46 HPs)
             Began as a Demonspawn Fighter on Dec 9, 2019.
             Was an Initiate of Makhleb.
             Killed from afar by a steam dragon (12 damage)
             ... with a ball of steam
             ... in the Dungeon (Sprint IX: "|||||||||||||||||||||||||||||").
             The game lasted 00:02:14 (399 turns).

McKennaii the Slasher (Demonspawn Fighter)           Turns: 399, Time: 00:02:14

Health: -5/46      AC: 10    Str: 20    XL:     5   Next: 55%
Magic:  5/5        EV: 10    Int:  9    God:    Makhleb [......]
Gold:   0          SH: 10    Dex: 13    Spells: 4/4 levels left

rFire    . . .     SeeInvis .   a - +0 long sword
rCold    . . .     Gourm    .   c - +0 shield
rNeg     . . .     Faith    .   b - +0 scale mail
rPois    .         Spirit   .   (no helmet)
rElec    .         Reflect  .   (no cloak)
rCorr    .         Harm     .   q - +0 pair of gloves
MR       .....     NoTele   +   (no boots)
Stlth    ..........             (no amulet)
HPRegen  0.15/turn              l - +3 ring of strength
MPRegen  0.09/turn              r - +2 ring of evasion

@: no status effects
A: claws 1, yellow scales 1, spiny 1
a: Renounce Religion


You were in the Dungeon.
You worshipped Makhleb.
Makhleb was noncommittal.
You were not hungry.

You visited 1 branch

Inventory:

Hand Weapons
 a - a +0 long sword (weapon)
Armour
 b - a +0 scale mail (worn)
 c - a +0 shield (worn)
 q - a +0 pair of gloves (worn)
Jewellery
 l - a +3 ring of strength (left hand)
 r - a +2 ring of evasion (right hand)
Wands
 p - a wand of acid (10)
Scrolls
 k - 2 scrolls of blinking
 n - 3 scrolls of remove curse
 o - 2 scrolls of amnesia
Potions
 d - a potion of might
 e - 5 potions of curing
 h - a potion of haste
 i - 4 potions of magic
 j - a potion of berserk rage
 m - a potion of invisibility
Comestibles
 f - a ration


   Skills:
 + Level 6.2 Fighting
 * Level 6.8 Long Blades
 + Level 5.5 Armour
 + Level 1.9 Dodging
 + Level 4.7 Shields


You had 4 spell levels left.
You didn't know any spells.
Your spell library was empty.

Dungeon Overview and Level Annotations

Branches:
Dungeon (1/1)

Altars:
Cheibriados
Dithmenos
Elyvilon
Fedhas
Gozag
Hepliaklqana
Kikubaaqudgha
Makhleb
Nemelex Xobeh
Okawaru
Qazlal
Ru
Sif Muna
Trog
Uskayaw
Vehumet
Wu Jian
Xom
Yredelemnul
Zin
The Shining One
Beogh
Jiyva
Lugonu


Innate Abilities, Weirdness & Mutations

You have sharp fingernails.
You are partially covered in yellow scales. (AC +2)
You are partially covered in sharp spines.


Message History

Unknown command.
You hit the steam dragon but do no damage.
The steam dragon is heavily wounded.
You are engulfed in a cloud of scalding steam.
You block the steam dragon's attack.
The steam dragon claws you but does no damage.
You hit the steam dragon but do no damage.
The steam dragon is heavily wounded.
The steam dragon bites you!
* * * LOW HITPOINT WARNING * * *
You block the steam dragon's attack.
Unknown command.
You hit the steam dragon but do no damage.
The steam dragon is heavily wounded.
You block the steam dragon's attack. x2
You closely miss the steam dragon.
The steam dragon is heavily wounded.
The steam dragon breathes steam at you. The ball of steam hits you!
You die...

▓_▓
▓_▓
▓_▓
▓_▓
▓_▓
▓_▓
▓'▓
▓.▓
▓@▓
▓D▓
▓a▓
▓a▓
▓[▓
▓[▓
▓.▓
▓.▓
▓'▓


You could see a steam dragon and 2 worker ants.

Vanquished Creatures
  An orc warrior (D)
  A jelly (D)
  A gnoll shaman (D)
  A hound (D)
  A worker ant (D)
  A leopard gecko (D)
  A jackal (D)
  A quokka (D)
  2 bats (D)
  2 frilled lizards (D)
12 creatures vanquished.

Vanquished Creatures (others)
  A spatial maelstrom (D)
  A leopard gecko (D)
2 creatures vanquished.

Grand Total: 14 creatures vanquished

Notes
Turn   | Place    | Note
-------+----------+-------------------------------------------
     0 | D        | McKennaii the Demonspawn Fighter began the quest for the
                  | Orb.
     0 | D        | Reached XP level 1. HP: 18/18 MP: 1/1
    17 | D        | Banished a spatial maelstrom
    67 | D        | Noticed a gnoll shaman
    67 | D        | Noticed a hound
    67 | D        | Noticed a worker ant
    82 | D        | Killed a gnoll shaman
    82 | D        | Gained mutation: You have sharp fingernails. [demonic
                  | ancestry]
    82 | D        | Reached XP level 2. HP: 22/26 MP: 2/2
    82 | D        | Gained mutation: You are partially covered in yellow
                  | scales. (AC +2) [demonic ancestry]
    82 | D        | Reached XP level 3. HP: 26/31 MP: 3/3
    95 | D        | Reached skill level 5 in Fighting
   102 | D        | Reached skill level 1 in Dodging
   102 | D        | Gained mutation: You are partially covered in sharp spines.
                  | [demonic ancestry]
   102 | D        | Reached XP level 4. HP: 14/39 MP: 4/4
   295 | D        | Found a roughly hewn altar of Beogh.
   295 | D        | Found a snail-covered altar of Cheibriados.
   295 | D        | Found a shadowy altar of Dithmenos.
   295 | D        | Found a white marble altar of Elyvilon.
   295 | D        | Found a blossoming altar of Fedhas.
   295 | D        | Found an opulent altar of Gozag.
   296 | D        | Found a hazy altar of Hepliaklqana.
   297 | D        | Found a viscous altar of Jiyva.
   298 | D        | Found an ancient bone altar of Kikubaaqudgha.
   299 | D        | Found a corrupted altar of Lugonu.
   300 | D        | Found a burning altar of Makhleb.
   301 | D        | Found a sparkling altar of Nemelex Xobeh.
   302 | D        | Found an iron altar of Okawaru.
   303 | D        | Found a stormy altar of Qazlal.
   304 | D        | Found a sacrificial altar of Ru.
   305 | D        | Found a shimmering blue altar of Sif Muna.
   306 | D        | Found a bloodstained altar of Trog.
   307 | D        | Found a hide-covered altar of Uskayaw.
   308 | D        | Became a worshipper of Makhleb the Destroyer
   309 | D        | Found a radiant altar of Vehumet.
   310 | D        | Found an ornate altar of the Wu Jian Council.
   311 | D        | Found a shimmering altar of Xom.
   312 | D        | Found a basalt altar of Yredelemnul.
   313 | D        | Found a glowing silver altar of Zin.
   314 | D        | Found a glowing golden altar of the Shining One.
   364 | D        | Noticed an orc warrior
   364 | D        | Noticed a steam dragon
   385 | D        | Killed an orc warrior
   385 | D        | Reached skill level 5 in Armour
   385 | D        | Reached XP level 5. HP: 19/46 MP: 5/5
   393 | D        | HP: 1/46 [steam dragon (3)]
   399 | D        | Killed from afar by a steam dragon

Levels and vault maps discovered:
D:        linesprint [early_d, line_temple, items_1, d_10, items_2, lair_1,
          lair_end, items_3, orc_1, orc_end, items_4, d_15, swamp_1, shoals_1,
          snake_1, spider_1, d_20, vaults_1, items_5, swamp_end, shoals_end,
          snake_end, spider_end, vaults_end, d_27, items_6, zot_1, zot_end,
          crypt_end, forest_end, elf_end, slime_end, tomb_end, abyss_end,
          pan_hell_end]

Skill      XL: |  1  2  3  4 |
---------------+-------------+-----
Armour         | 4 5 |  5.5
Shields        | 3 4 |  4.7
Long Blades    | 3 4 6 |  6.8
Fighting       | 4 5 6 |  6.2
Dodging        | 1 |  1.9

Action                   |  1- 3 |  4- 6 || total
-------------------------+-------+-------++-------
Melee: Long sword        |    44 |    29 ||    73
  Use: Potion            |       |     3 ||     3
Armor: Scale mail        |    21 |    10 ||    31
Dodge: Dodged            |    21 |     8 ||    29
Block: Shield            |    14 |    14 ||    28
       Rpst.: Long sword |     9 |     2 ||    11
